 Dungeon Crawl Stone Soup version 0.21.1-1-g345015fe64 (webtiles) character file.

407 Gargoyl the Skirmisher (level 6, -5/52 HPs)
             Began as a Centaur Abyssal Knight on Apr 25, 2018.
             Was a Believer of Lugonu.
             Slain by an ogre
             ... wielding a cursed +0 giant spiked club
              (18 damage)
             ... while paralysed by Ijyb
             ... on level 3 of the Dungeon.
             The game lasted 00:05:14 (2510 turns).

Gargoyl the Skirmisher (Centaur Abyssal Knight)     Turns: 2510, Time: 00:05:15

Health: -5/52      AC: 16    Str: 15 (17) XL:     6   Next: 57%
Magic:  8/8        EV:  1    Int:  9 (11) God:    Lugonu [**....]
Gold:   113        SH:  0    Dex:  8 (11) Spells: 5/5 levels left

rFire    . . .     SeeInvis .   a - +2 hand axe
rCold    . . .     Gourm    .   (no shield)
rNeg     . . .     Faith    .   e - +0 chain mail
rPois    .         Spirit   .   (no helmet)
rElec    .         Reflect  .   d - +0 cloak
rCorr    .         Harm     .   i - +0 pair of gloves
MR       .....                  b - +1 centaur barding
Stlth    ..........             (no amulet)
HPRegen  0.17/turn              g - +3 ring of strength
MPRegen  0.11/turn              (no ring)

@: paralysed, very quick
A: large, hooves 3, deformed body, speed 2, tough skin 3
a: Depart the Abyss, Bend Space, Renounce Religion


You were on level 3 of the Dungeon.
You worshipped Lugonu.
Lugonu was pleased with you.
You were hungry.

You visited 1 branch of the dungeon, and saw 4 of its levels.
You visited the Abyss 1 time.

You collected 113 gold pieces.

Inventory:

Hand Weapons
 a - a +2 hand axe (weapon)
Armour
 b - a +1 centaur barding (worn)
 d - a +0 cloak (worn)
 e - a +0 chain mail (worn)
 i - a +0 pair of gloves (worn)
Jewellery
 g - a +3 ring of strength (left hand)
Scrolls
 f - 2 scrolls of identify
 j - a scroll of remove curse
Potions
 h - 2 potions of agility {unknown}
 k - a potion of mutation {unknown}
Comestibles
 c - 6 rations


   Skills:
 + Level 3.9 Fighting
 + Level 3.8 Axes
 * Level 3.3 Armour
 + Level 1.1 Dodging
 * Level 3.4 Invocations


You had 5 spell levels left.
You didn't know any spells.

Dungeon Overview and Level Annotations

Branches:
Dungeon (4/15)
 Temple: D:4-7

Altars:
Dithmenos
Hepliaklqana

Annotations:
D:3 Gargoyl's ghost, amateur CeAK; Grinder; Ijyb


Innate Abilities, Weirdness & Mutations

You have hooves in place of feet.
Armour fits poorly on your strangely shaped body.
You cover ground very quickly.
You have extremely tough skin. (AC +3)


Message History

Found a scroll of enchant weapon.
You see here a leather armour.
Grinder says, "DUCK!"
There is a stone staircase leading up here.
Ijyb zaps a wand.
You suddenly lose the ability to move!
It is a wand of paralysis (13).
Grinder blinks!
The ogre hits you with a giant spiked club!
The adder barely misses you.
Ijyb zaps a wand.
You resist with some effort. The adder bites you but does no damage.
The ogre hits you with a giant spiked club!
The adder bites you but does no damage. The adder bites you but does no damage.
The ogre hits you with a giant spiked club!
* * * LOW HITPOINT WARNING * * *
The adder bites you.
* * * LOW HITPOINT WARNING * * *
Ijyb zaps a wand.
You shrug off the repeated paralysis!
The adder bites you but does no damage.
The ogre hits you with a giant spiked club!!
You die...

....................
.......5.............
.....................)..
....?..................
#......................
#........[...........
#...g................
#....S...............
#...@O...............
#....................
#....................
#...................(
#....................
#....................
.....................
....................).
..................


You could see Grinder, an ogre, Ijyb and an adder.

Vanquished Creatures
  Sigmund (D:2)
  A phantom (D:2)
  Jessica (D:2)
  Terence (D:2)
  A worker ant (D:4)
  An ooze (D:2)
  3 worms
  3 dart slugs
  2 leopard geckos
  2 orcs (D:3)
  2 giant cockroaches
  7 goblins
  7 hobgoblins
  2 quokkas
  7 bats (D:2)
  A frilled lizard (D:1)
  5 kobolds
  2 rats
49 creatures vanquished.

Notes
Turn   | Place    | Note
-------+----------+-------------------------------------------
     0 | Abyss:1  | Gargoyl the Centaur Abyssal Knight began the quest for the Orb.
     0 | Abyss:1  | Reached XP level 1. HP: 19/19 MP: 2/2
    59 | Abyss:2  | Noticed a revenant
    67 | Abyss:2  | Noticed an ice beast
    81 | Abyss:2  | Found a corrupted altar of Lugonu.
    88 | Abyss:2  | Noticed a worldbinder
    90 | Abyss:2  | Noticed a wraith
    90 | Abyss:2  | Noticed a wraith
    91 | Abyss:2  | Noticed a necromancer
    92 | D:1      | Escaped the Abyss
   211 | D:1      | Reached * piety under Lugonu
   262 | D:1      | Reached XP level 2. HP: 26/26 MP: 3/3
  1054 | D:2      | Reached XP level 3. HP: 31/31 MP: 4/4
  1064 | D:2      | Noticed Sigmund
  1340 | D:2      | Killed Sigmund
  1340 | D:2      | Reached skill level 1 in Dodging
  1340 | D:2      | Reached XP level 4. HP: 29/40 MP: 4/6
  1340 | D:2      | Reached XP level 5. HP: 33/46 MP: 4/7
  1479 | D:2      | Noticed Terence
  1501 | D:2      | Killed Terence
  1610 | D:2      | Noticed Jessica
  1612 | D:2      | Killed Jessica
  1612 | D:2      | Reached XP level 6. HP: 48/52 MP: 8/8
  2044 | D:2      | Reached ** piety under Lugonu
  2109 | D:3      | Noticed Ijyb
  2116 | D:3      | Found a hazy altar of Hepliaklqana.
  2116 | D:3      | Noticed Gargoyl's ghost (amateur CeAK)
  2134 | D:3      | Found a shadowy altar of Dithmenos.
  2499 | D:3      | Noticed Grinder
  2505 | D:3      | Paralysed by Ijyb for 6 turns
  2510 | D:3      | Slain by an ogre

Skill      XL: |  1  2  3  4  5  6 |
---------------+-------------------+-----
Axes           | 2 3 |  3.8
Armour         | 2 3 |  3.3
Dodging        | 1 |  1.1
Invocations    | 3 |  3.4
Fighting       | |  3.9

Action                   |  1- 3 |  4- 6 || total
-------------------------+-------+-------++-------
Melee: Hand axe          |    83 |    87 ||   170
       Kick              |    16 |    23 ||    39
Invok: Depart the Abyss  |     1 |       ||     1
  Use: Scroll            |     2 |     5 ||     7
       Potion            |     1 |     1 ||     2
  Eat: Chunk             |       |     3 ||     3
Armor: Chain mail        |    45 |   104 ||   149
Dodge: Dodged            |     8 |    17 ||    25
